3AAA
ELLENBURG FIGHTING DACHSUNDS @ TORTOLITA DRUMMERS
08/07/2038
 
TOP OF THE 1ST
Ellenburg Fighting Dachsunds batting - Pitching for Tortolita Drummers : RHP Cisco Pérez
Pitching: RHP Cisco Pérez
Batting: RHB Sze Qi 0-0: Swinging Strike
0-1: Ball
1-1: Foul Ball, location: 2F
1-2: Ball
2-2: Ball
3-2: Base on Balls
Batting: LHB Tony Worley 0-0: Ball
1-0: Ball
2-0: Fly out, F7 (Line Drive, 7, EV 92.5 MPH)
Batting: SHB Adam Clements 0-0: Ball
1-0: Called Strike
Sze Qi steals 2nd base (no throw)
1-1: Foul Ball, location: 2F
1-2: Fly out, F9 (Flyball, 89M, EV 81.2 MPH)
Batting: RHB Manuel Guillama 0-0: Ball
1-0: Ball
2-0: Foul Ball, location: 2F
2-1: Swinging Strike
2-2: Strikes out swinging
Top of the 1st over - 0 runs, 0 hits, 0 errors, 1 left on base; Ellenburg 0 - Tortolita 0
BOTTOM OF THE 1ST
Tortolita Drummers batting - Pitching for Ellenburg Fighting Dachsunds : RHP Benjamin Busto
Pitching: RHP Benjamin Busto
Batting: SHB Roberto Mosca 0-0: Called Strike
0-1: DOUBLE (Flyball, 8LXD, EV 107.5 MPH)
Batting: SHB Kolby Hay 0-0: Ball
1-0: Foul Ball, location: 2F
1-1: Ball
2-1: Ball
3-1: Base on Balls
Batting: LHB Mario Ramos 0-0: Ball
1-0: Ball
2-0: Foul Ball, location: 2F
2-1: Ball
3-1: Called Strike
3-2: Foul Ball, location: 2F
3-2: Grounds into double play, 4-6-3 (Groundball, 4, EV 86.9 MPH)
Roberto Mosca to third
Batting: RHB Sergio Ortíz 0-0: Fly out, F4 (Popup, 4S, EV 83.1 MPH)
Bottom of the 1st over - 0 runs, 1 hit, 0 errors, 1 left on base; Ellenburg 0 - Tortolita 0
TOP OF THE 2ND
Ellenburg Fighting Dachsunds batting - Pitching for Tortolita Drummers : RHP Cisco Pérez
Batting: RHB Steve Albright 0-0: Foul Ball, location: 2F
0-1: Ball
1-1: Foul Ball, location: 2F
1-2: Ground out 6-3 (Groundball, 6, EV 105.6 MPH)
Batting: LHB Lowell Evans 0-0: Bunt for hit to 2R - play at first, batter OUT! 2-3
Batting: RHB Arvi Sutinen 0-0: Ball
1-0: Foul Ball, location: 2F
1-1: Fly out, F8 (Flyball, 8RD, EV 91.9 MPH)
Top of the 2nd over - 0 runs, 0 hits, 0 errors, 0 left on base; Ellenburg 0 - Tortolita 0
BOTTOM OF THE 2ND
Tortolita Drummers batting - Pitching for Ellenburg Fighting Dachsunds : RHP Benjamin Busto
Batting: RHB Ken Moore 0-0: Called Strike
0-1: Ball
1-1: SOLO HOME RUN (Flyball, 7LD, EV 101.9 MPH), Distance : 337 ft
Batting: RHB Tsuneari Hirano 0-0: Ball
1-0: Fly out, F9 (Flyball, 9, EV 90.0 MPH)
Batting: RHB Tomás Costello 0-0: Called Strike
0-1: Foul Ball, location: 2F
0-2: Ground out 6-3 (Groundball, 6, EV 86.2 MPH)
Batting: RHB Blythe Plumpley 0-0: SINGLE (Groundball, 6MD, EV 99.4 MPH)
Batting: RHB Steven Rohrs 0-0: Foul Ball, location: 2F
0-1: Ball
1-1: Foul Ball, location: 2F
1-2: Ball
2-2: Fly out, F7 (Flyball, 7LM, EV 90.6 MPH)
Bottom of the 2nd over - 1 run, 2 hits, 0 errors, 1 left on base; Ellenburg 0 - Tortolita 1
TOP OF THE 3RD
Ellenburg Fighting Dachsunds batting - Pitching for Tortolita Drummers : RHP Cisco Pérez
Batting: LHB Bill O'Halloran 0-0: Called Strike
0-1: Swinging Strike
0-2: Foul Ball, location: 2F
0-2: Foul Ball, location: 2F
0-2: Ball
1-2: Strikes out looking
Batting: RHB Peter Heard 0-0: Called Strike
0-1: Swinging Strike
0-2: Ball
1-2: Strikes out looking
Batting: RHB Sze Qi 0-0: Swinging Strike
0-1: Ball
1-1: Ball
2-1: Foul Ball, location: 2F
2-2: Ball
3-2: Base on Balls
Batting: LHB Tony Worley 0-0: Ball
1-0: Swinging Strike
1-1: Ball
2-1: Foul Ball, location: 2F
2-2: Strikes out swinging
Top of the 3rd over - 0 runs, 0 hits, 0 errors, 1 left on base; Ellenburg 0 - Tortolita 1
BOTTOM OF THE 3RD
Tortolita Drummers batting - Pitching for Ellenburg Fighting Dachsunds : RHP Benjamin Busto
Batting: SHB Roberto Mosca 0-0: Called Strike
0-1: Fly out, F7 (Flyball, 7D, EV 101.2 MPH)
Batting: SHB Kolby Hay 0-0: Ground out 5-3 (Groundball, 56S, EV 71.9 MPH)
Batting: LHB Mario Ramos 0-0: Called Strike
0-1: Swinging Strike
0-2: Foul Ball, location: 2F
0-2: Ball
1-2: Fly out, F7 (Flyball, 7LMF, EV 99.4 MPH)
Bottom of the 3rd over - 0 runs, 0 hits, 0 errors, 0 left on base; Ellenburg 0 - Tortolita 1
TOP OF THE 4TH
Ellenburg Fighting Dachsunds batting - Pitching for Tortolita Drummers : RHP Cisco Pérez
Batting: SHB Adam Clements 0-0: Ball
1-0: Foul Ball, location: 2F
1-1: Ball
2-1: Ball
3-1: Base on Balls
Batting: RHB Manuel Guillama 0-0: Called Strike
0-1: Ball
1-1: Ball
2-1: Swinging Strike
2-2: Strikes out swinging
Batting: RHB Steve Albright 0-0: Ball
1-0: Ball
2-0: Called Strike
2-1: Foul Ball, location: 2F
2-2: Strikes out swinging
Batting: LHB Lowell Evans 0-0: Foul Ball, location: 2F
0-1: Ball
1-1: Ball
2-1: Fly out, F8 (Flyball, 78S, EV 87.5 MPH)
Top of the 4th over - 0 runs, 0 hits, 0 errors, 1 left on base; Ellenburg 0 - Tortolita 1
BOTTOM OF THE 4TH
Tortolita Drummers batting - Pitching for Ellenburg Fighting Dachsunds : RHP Benjamin Busto
Batting: RHB Sergio Ortíz 0-0: Ball
1-0: Ball
2-0: DOUBLE (Flyball, 8RXD, EV 104.4 MPH)
Batting: RHB Ken Moore 0-0: Ball
1-0: Called Strike
1-1: Called Strike
1-2: Foul Ball, location: 2F
1-2: Fly out, F9 (Flyball, 9, EV 93.1 MPH)
Batting: RHB Tsuneari Hirano 0-0: Called Strike
0-1: Fly out, F8 (Flyball, 89XD, EV 104.4 MPH)
Batting: RHB Tomás Costello 0-0: Ball
1-0: Foul Ball, location: 2F
1-1: Ball
Balk!
Sergio Ortíz to third
2-1: Fly out, F8 (Flyball, 8LS, EV 91.2 MPH)
Bottom of the 4th over - 0 runs, 1 hit, 0 errors, 1 left on base; Ellenburg 0 - Tortolita 1
TOP OF THE 5TH
Ellenburg Fighting Dachsunds batting - Pitching for Tortolita Drummers : RHP Cisco Pérez
Batting: RHB Arvi Sutinen 0-0: Foul Ball, location: 2F
0-1: Foul Ball, location: 2F
0-2: Strikes out looking
Batting: LHB Bill O'Halloran 0-0: Ground out 6-3 (Groundball, 6M, EV 88.8 MPH)
Batting: RHB Peter Heard 0-0: Foul Ball, location: 2F
0-1: SINGLE (Line Drive, 56, EV 99.4 MPH)
Batting: RHB Sze Qi 0-0: Ball
Peter Heard steals 2nd, throwing error, E2
Peter Heard to third
1-0: Foul Ball, location: 2F
1-1: Foul Ball, location: 2F
1-2: Fly out, F8 (Flyball, 8RXD, EV 94.4 MPH)
Top of the 5th over - 0 runs, 1 hit, 1 error, 1 left on base; Ellenburg 0 - Tortolita 1
BOTTOM OF THE 5TH
Tortolita Drummers batting - Pitching for Ellenburg Fighting Dachsunds : RHP Benjamin Busto
Batting: RHB Blythe Plumpley 0-0: Ball
1-0: Foul Ball, location: 2F
1-1: Ball
2-1: Ball
3-1: Base on Balls
Batting: RHB Steven Rohrs 0-0: Sac Bunt to 2L - play at first, batter OUT! 2-3
Blythe Plumpley to second
Batting: SHB Roberto Mosca 0-0: Ball
1-0: Foul Ball, location: 2F
1-1: 2-RUN HOME RUN (Flyball, 89XD, EV 100.6 MPH), Distance : 413 ft
Batting: SHB Kolby Hay 0-0: Fly out, F8 (Line Drive, 8LD, EV 98.8 MPH)
Batting: LHB Mario Ramos 0-0: Ball
1-0: Fly out, F9 (Flyball, 9LMF, EV 80.6 MPH)
Bottom of the 5th over - 2 runs, 1 hit, 0 errors, 0 left on base; Ellenburg 0 - Tortolita 3
TOP OF THE 6TH
Ellenburg Fighting Dachsunds batting - Pitching for Tortolita Drummers : RHP Cisco Pérez
Batting: LHB Tony Worley 0-0: Swinging Strike
0-1: Ball
1-1: Ball
2-1: Ground out 4-3 (Groundball, 4D, EV 101.9 MPH)
Batting: SHB Adam Clements 0-0: Ball
1-0: Ball
2-0: SINGLE (Flyball, 89M, EV 95.6 MPH)
Batting: RHB Manuel Guillama 0-0: Ball
1-0: Called Strike
1-1: Ball
2-1: Grounds into double play, 5-4-3 (Groundball, 5S, EV 88.8 MPH)
Top of the 6th over - 0 runs, 1 hit, 0 errors, 0 left on base; Ellenburg 0 - Tortolita 3
BOTTOM OF THE 6TH
Tortolita Drummers batting - Pitching for Ellenburg Fighting Dachsunds : RHP Benjamin Busto
Batting: RHB Sergio Ortíz 0-0: Foul Ball, location: 2F
0-1: SOLO HOME RUN (Flyball, 9LD, EV 108.8 MPH), Distance : 346 ft
Batting: RHB Ken Moore 0-0: Called Strike
0-1: Foul Ball, location: 2F
0-2: Ball
1-2: Ball
2-2: Ball
3-2: SINGLE (Groundball, 3L, EV 95.6 MPH)
Batting: RHB Tsuneari Hirano 0-0: Ball
Ken Moore steals 2nd base
1-0: Intentional Walk
Batting: RHB Tomás Costello 0-0: Ball
1-0: Sac Bunt to 5S - play at first, batter OUT! 5-3
Ken Moore to third
Tsuneari Hirano to second
Batting: RHB Blythe Plumpley 0-0: Called Strike
0-1: Ball
1-1: Foul Ball, location: 2F
1-2: Strikes out swinging
Batting: RHB Steven Rohrs 0-0: Called Strike
0-1: Ball
1-1: Fly out, F8 (Flyball, 8RM, EV 85.6 MPH)
Bottom of the 6th over - 1 run, 2 hits, 0 errors, 2 left on base; Ellenburg 0 - Tortolita 4
TOP OF THE 7TH
Ellenburg Fighting Dachsunds batting - Pitching for Tortolita Drummers : RHP Cisco Pérez
Batting: RHB Steve Albright 0-0: Ball
1-0: Ball
2-0: Foul Ball, location: 2F
2-1: Ball
3-1: Swinging Strike
3-2: Fly out, F7 (Flyball, 7S, EV 83.1 MPH)
Pitching: RHP Elton Mobley
Batting: LHB Lowell Evans 0-0: SINGLE (Flyball, 7S, EV 88.8 MPH)
Batting: RHB Arvi Sutinen 0-0: Called Strike
0-1: Ball
1-1: Called Strike
1-2: Fielders Choice at 2nd, 5-4 (Groundball, 5S, EV 89.4 MPH)
Batting: LHB Bill O'Halloran 0-0: Foul Ball, location: 2F
0-1: Called Strike
0-2: Ball
1-2: Ball
Arvi Sutinen steals 2nd base
2-2: Fly out, F9 (Flyball, 9LS, EV 88.1 MPH)
Top of the 7th over - 0 runs, 1 hit, 0 errors, 1 left on base; Ellenburg 0 - Tortolita 4
BOTTOM OF THE 7TH
Tortolita Drummers batting - Pitching for Ellenburg Fighting Dachsunds : RHP Benjamin Busto
Batting: SHB Roberto Mosca 0-0: Swinging Strike
0-1: Ball
1-1: Ball
2-1: Fly out, F5 (Popup, 5F, EV 71.2 MPH)
Batting: SHB Kolby Hay 0-0: Ball
1-0: Called Strike
1-1: Foul Ball, location: 2F
1-2: Foul Ball, location: 2F
1-2: Ball
2-2: Foul Ball, location: 2F
2-2: Ball
3-2: Ground out 1-3 (Groundball, 13, EV 82.5 MPH)
Batting: LHB Mario Ramos 0-0: Ball
1-0: Ball
2-0: Called Strike
2-1: Foul Ball, location: 2F
2-2: Ball
3-2: Foul Ball, location: 2F
3-2: Ground out 4-3 (Groundball, 4, EV 107.5 MPH)
Bottom of the 7th over - 0 runs, 0 hits, 0 errors, 0 left on base; Ellenburg 0 - Tortolita 4
TOP OF THE 8TH
Ellenburg Fighting Dachsunds batting - Pitching for Tortolita Drummers : RHP Elton Mobley
Now at 3B: Qwuntrezz Knight
Batting: RHB Peter Heard 0-0: SINGLE (Groundball, 6MD, EV 95.0 MPH)
Batting: RHB Sze Qi 0-0: Foul Ball, location: 2F
0-1: Ball
1-1: Ball
2-1: Ball
3-1: Foul Ball, location: 2F
3-2: Reached on error, E5 (Groundball, 56S, EV 71.2 MPH)
Peter Heard to second
Batting: LHB Tony Worley 0-0: Called Strike
0-1: Ball
1-1: Foul Ball, location: 2F
1-2: Ball
2-2: Ball
3-2: Foul Ball, location: 2F
3-2: Strikes out looking
Batting: SHB Adam Clements 0-0: Called Strike
0-1: 3-RUN HOME RUN (Flyball, 8RXD, EV 106.2 MPH), Distance : 427 ft
Pitching: RHP Pedro Valdéz
Batting: RHB Manuel Guillama 0-0: Called Strike
0-1: Swinging Strike
0-2: Ball
1-2: Strikes out looking
Batting: RHB Steve Albright 0-0: Called Strike
0-1: Ball
1-1: Ball
2-1: Called Strike
2-2: Ball
3-2: Strikes out looking
Top of the 8th over - 3 runs, 2 hits, 1 error, 0 left on base; Ellenburg 3 - Tortolita 4
BOTTOM OF THE 8TH
Tortolita Drummers batting - Pitching for Ellenburg Fighting Dachsunds : RHP Benjamin Busto
Batting: RHB Sergio Ortíz 0-0: Called Strike
0-1: SOLO HOME RUN (Flyball, 8LXD, EV 101.9 MPH), Distance : 426 ft
Pitching: RHP Jason Huggins
Batting: RHB Ken Moore 0-0: Ball
1-0: SOLO HOME RUN (Flyball, 7LD, EV 104.4 MPH), Distance : 330 ft
Batting: RHB Tsuneari Hirano 0-0: DOUBLE (Flyball, 89D, EV 98.8 MPH)
Batting: RHB Tomás Costello 0-0: Ball
1-0: Called Strike
1-1: Ball
2-1: Ball
3-1: SINGLE (Line Drive, 4M, EV 107.5 MPH)
Tsuneari Hirano to third
Batting: RHB Blythe Plumpley 0-0: Ball
1-0: Ball
2-0: Ball
3-0: Base on Balls
Tomás Costello to second
Batting: RHB Steven Rohrs 0-0: SINGLE (Groundball, 6MD, EV 97.5 MPH)
Tsuneari Hirano scores
Tomás Costello to third
Blythe Plumpley to second
Runner from 3rd tries for Home, throw by CF and OUT! 8-2
Batting: SHB Roberto Mosca 0-0: Called Strike
0-1: Foul Ball, location: 2F
0-2: Ball
1-2: Ball
2-2: Foul Ball, location: 2F
2-2: Ball
3-2: Strikes out swinging
Batting: SHB Kolby Hay 0-0: Ball
1-0: Ball
2-0: Fly out, F7 (Flyball, 7S, EV 83.1 MPH)
Bottom of the 8th over - 3 runs, 5 hits, 0 errors, 2 left on base; Ellenburg 3 - Tortolita 7
TOP OF THE 9TH
Ellenburg Fighting Dachsunds batting - Pitching for Tortolita Drummers : RHP Pedro Valdéz
Pitching: RHP Scott Thompson
Batting: LHB Lowell Evans 0-0: Foul Ball, location: 2F
0-1: Fly out, F7 (Flyball, 78D, EV 90.0 MPH)
Batting: RHB Arvi Sutinen 0-0: Ball
1-0: Ball
2-0: Ground out 4-3 (Groundball, 4M, EV 106.2 MPH)
Batting: LHB Bill O'Halloran 0-0: Called Strike
0-1: Ball
1-1: Ground out 4-3 (Groundball, 4, EV 85.0 MPH)
Top of the 9th over - 0 runs, 0 hits, 0 errors, 0 left on base; Ellenburg 3 - Tortolita 7
Friday, April 17th, 2020 - OOTP Baseball 20.8 Build 74